 Dungeon Crawl Stone Soup version 0.25-a0-597-gb30770a0c0 (webtiles) character file.

Game seed: 6147865083089143163, levelgen mode: deterministic

16 Gildeon the Firebug (level 2, 15/15 HPs)
             Began as a Deep Elf Fire Elementalist on Feb 14, 2020.
             Quit the game on level 1 of the Dungeon on Mar 15, 2020.
             The game lasted 00:02:57 (293 turns).

Gildeon the Firebug (Deep Elf Fire Elementalist)     Turns: 293, Time: 00:02:57

Health: 15/15      AC:  3    Str:  5    XL:     2   Next: 37%
Magic:  8/8        EV: 13    Int: 19    God:
Gold:   32         SH:  0    Dex: 15    Spells: 6/7 levels left

rFire    . . .     SeeInvis .   f - +0 dagger
rCold    . . .     Gourm    .   (no shield)
rNeg     . . .     Faith    .   a - +0 robe
rPois    .         Spirit   .   (no helmet)
rElec    .         Reflect  .   b - +0 cloak
rCorr    .         Harm     .   (no gloves)
MR       .....                  (no boots)
Stlth    ++........             (no amulet)
HPRegen  0.05/turn              (no ring)
MPRegen  0.11/turn              (no ring)

@: no status effects
A: no striking features
a: no special abilities


You were on level 1 of the Dungeon.
You were not hungry.

You visited 1 branch of the dungeon, and saw 1 of its levels.

You collected 32 gold pieces.

Inventory:

Hand Weapons
 f - a +0 dagger (weapon)
Armour
 a - a +0 robe (worn)
 b - a +0 cloak (worn)
Scrolls
 g - a scroll of teleportation {unknown}
Potions
 e - a potion of lignification {unknown}
Comestibles
 c - 3 rations
 d - 11 chunks of flesh


   Skills:
 + Level 2.7 Dodging
 + Level 2.8 Stealth
 + Level 3.3 Spellcasting
 + Level 1.5 Conjurations
 + Level 3.4 Fire Magic


You had 6 spell levels left.
You knew the following spells:

 Your Spells              Type           Power        Failure   Level  Hunger
a - Foxfire               Conj/Fire      ##..         5%          1    None

Your spell library contained the following spells:

 Spells                   Type           Power        Failure   Level  Hunger
 Conjure Flame            Conj/Fire      ##......     16%         3    ###....
 Inner Flame              Hex/Fire       #.......     22%         3    ###....
 Sticky Flame             Conj/Fire      ##......     47%         4    ####...
 Fireball                 Conj/Fire      ##........   83%         5    ######.


Dungeon Overview and Level Annotations

Branches:
Dungeon (1/15)

Altars:


Message History

You conjure some foxfire!
The bat hits you but does no damage.
The foxfire hits the bat.
You kill the bat!
Your foxfire dissipates!
You see here a bat corpse.
You butcher the bat corpse.
d - 11 chunks of flesh (gained 1)
You see here a bat skeleton.
Found a ration.
You see here a ring mail.
Found a scale mail.
c - 3 rations (gained 1)
Found 14 gold pieces.
You now have 32 gold pieces (gained 7).
Okay, then.
Saving game... please wait.
Welcome back, Gildeon the Deep Elf Fire Elementalist.
Press ? for a list of commands and other information.
Okay, then.
Are you sure you want to abandon this character and quit the game? (Confirm with "yes".)

.. .. ......[..... .
.$. ...#..#..## #....
#........... .#.##
#..#.... #.#.
.....##.##.####...
#.##............#
#.#####.#.#.###.##
###.......#.#.......
#..@.#........###.##
#....#........# #.#. #
#............[###.#. #.
###.................
#.####.#.##.#....###.#÷
#.......#..#.....##....
#....#.##.#.....#..#÷
#....#[##.#.....#....
#####
#.....#.(#..###.##.##


There were no monsters in sight!

Vanquished Creatures
  2 dart slugs (D:1)
  A giant cockroach (D:1)
  2 goblins (D:1)
  2 hobgoblins (D:1)
  A bat (D:1)
  A frilled lizard (D:1)
  A kobold (D:1)
  2 rats (D:1)
12 creatures vanquished.

Vanquished Creatures (others)
  22 foxfires (D:1)
22 creatures vanquished.

Grand Total: 34 creatures vanquished

Notes
Turn   | Place    | Note
-------+----------+-------------------------------------------
     0 | D:1      | Gildeon the Deep Elf Fire Elementalist began the quest for
                  | the Orb.
     0 | D:1      | Reached XP level 1. HP: 10/10 MP: 6/6
    79 | D:1      | Reached XP level 2. HP: 9/15 MP: 0/8
   293 | D:1      | Upgraded the game from 0.25-a0-504-g768f60da87 to
                  | 0.25-a0-597-gb30770a0c0
   293 | D:1      | Quit the game

Levels and vault maps discovered:
D:1:      wander_arrival_lonely_grave, layout_basic, grunt_decor_cap,
          minmay_small_reverse_x

Action                   || total
-------------------------++-------
Melee: Dagger            ||     1
 Cast: Foxfire           ||    14
Armor: Robe              ||     3
Dodge: Dodged            ||    10

Table legend:
 A = Non-vault XP
 B = Vault XP
 C = Vault XP percentage of total XP
 D = Non-vault monster count
 E = Vault monster count
 F = Vault count percentage of total count
                 A         B        C        D         E       F
            +---------+---------+-------+---------+---------+-------
      Total |      16 |       7 |  30.4 |       9 |       3 |  25.0
            +---------+---------+-------+---------+---------+-------
        D:1 |      16 |       7 |  30.4 |       9 |       3 |  25.0
            +---------+---------+-------+---------+---------+-------
